 Dungeon Crawl Stone Soup version 0.17-a0-435-gc4df345 (webtiles) character file.

270 Nagyhal the Vandal (level 6, 0/39 HPs)
             Began as an Octopode Hunter on Apr 4, 2015.
             Slain by an adder (3 damage)
             ... on level 4 of the Dungeon.
             The game lasted 00:40:12 (3116 turns).

Nagyhal the Vandal (Octopode Hunter)                Turns: 3116, Time: 00:40:12

Health: 0/39       AC:  1    Str: 11    XL:     6   Next: 22%
Magic:  17/17      EV: 13    Int: 14    God:
Gold:   157        SH:  0    Dex: 14    Spells: 0 memorised, 8 levels left

rFire  . . .     SeeInvis .     b - +1 hunting sling
rCold  . . .     Clarity  +     (no shield)
rNeg   . . .     SustAb   .     (helmet restricted)
rPois  .         Gourm    .     h - amulet of clarity
rElec  .         Spirit   .     w - ring of magical power
rCorr  .         Warding  .     (no ring)
rMut   .         Stasis   .     (no ring)
MR     .....                    (no ring)
Stlth  +++.......               (no ring)
                                (no ring)
                                (no ring)
                                (no ring)

@: lethally poisoned (0 -> -16), not resistant to hostile enchantments, fairly
stealthy
A: almost no armour, amphibious, 8 rings, constrict 8, camouflage 1, gelatinous
body 1
a: no special abilities


You were on level 4 of the Dungeon.
You were not hungry.

You visited 1 branch of the dungeon, and saw 4 of its levels.

You collected 157 gold pieces.

Inventory:

Hand weapons
 a - a +0 short sword
 b - a +1 hunting sling (weapon)
 g - a +0 hunting sling
 r - a +1 dagger of protection
 v - a +1 dagger of venom
 y - a cursed -2 spear
Missiles
 c - 6 sling bullets
 d - 120 stones
 l - 11 arrows
 p - 13 bolts of flame
 x - 14 poisoned needles
 z - a throwing net (quivered)
Jewellery
 h - an amulet of clarity (around mantle)
 w - a ring of magical power (left tentacle)
Scrolls
 e - a scroll of amnesia {unknown}
 j - 2 scrolls of enchant armour {unknown}
 k - 2 scrolls of magic mapping {unknown}
 q - 2 scrolls of blinking {unknown}
 t - 2 scrolls of identify {unknown}
 A - 2 scrolls of noise {unknown}
 F - 2 scrolls of enchant weapon {unknown}
 H - a scroll of immolation {unknown}
Potions
 m - a potion of haste {unknown}
 n - a potion of restore abilities {unknown}
 o - a potion of agility {unknown}
 s - a potion of heal wounds {unknown}
 B - a potion of curing {unknown}
 C - a potion of might {unknown}
 G - a potion of brilliance {unknown}
 I - a potion of poison
 J - a potion of cancellation {unknown}
Comestibles
 f - 3 bread rations
 i - 2 beef jerkies
 u - a slice of pizza
 D - 4 fruits
 E - 7 chunks of flesh


   Skills:
 + Level 2.2 Fighting
 + Level 6.3 Slings
 + Level 2.5 Dodging
 * Level 3.0 Stealth
 * Level 1.5 Spellcasting


You had 8 spell levels left.
You didn't know any spells.

Dungeon Overview and Level Annotations

Branches:
Dungeon (4/15)
 Temple: D:4-7

Altars:
Makhleb


Innate Abilities, Weirdness & Mutations

You cannot wear most types of armour.
You are amphibious.
You can wear up to eight rings at the same time.
You can use your tentacles to constrict eight enemies at once.
Your skin changes colour to match your surroundings (Stealth).
Your rubbery body absorbs attacks (AC +1).


Message History

You shoot a sling bullet. The sling bullet hits the adder.
The adder is moderately wounded.
You feel sick. The adder bites you.
* * * LOW HITPOINT WARNING * * *
Throwing (i - inventory. (,) - cycle):
z - 2 throwing nets
Press: ? - help, Shift-Dir - straight line, f/p - adder
Aim: an adder (lightly wounded)
You throw a throwing net.
The throwing net completely misses the adder.
The adder bites you.
* * * LOW HITPOINT WARNING * * *
You are more poisoned.
The adder poisons you! The adder bites you.
* * * LOW HITPOINT WARNING * * *
Drink which item? (? for menu, Esc to quit)
It was a potion of poison.
That liquid tasted very nasty...
You are more poisoned.
* * * LOW HITPOINT WARNING * * *
You feel sick. The adder bites you.
You die...

## . #######( .#
...(..... ###>#
........#.#...+
...%....#....#
..S...(......#
#S##..# ###### #.@.#
#....# ###.# #.##.#
#.# #.##.#### #.#
#.##....# #.#
#.#####.# #.#
####<#####.# #.#
#..........###.###
###..........##....#


You could see an adder.

Vanquished Creatures
  An orc wizard (D:4)
  An iguana (D:4)
  2 worker ants
  3 gnolls (D:2)
  5 adders
  A worm (D:2)
  6 giant geckos
  2 oozes (D:3)
  6 orcs
  7 goblins
  6 hobgoblins
  4 jackals (D:2)
  13 kobolds
  A quokka (D:3)
  6 bats
  5 giant cockroaches
  3 giant newts
  7 rats
79 creatures vanquished.

Notes
Turn   | Place    | Note
--------------------------------------------------------------
     0 | D:1      | Nagyhal, the Octopode Hunter, began the quest for the Orb.
     0 | D:1      | Reached XP level 1. HP: 14/14 MP: 1/1
   117 | D:1      | You fall through a shaft!
   139 | D:2      | Reached XP level 2. HP: 19/19 MP: 2/2
   155 | D:2      | Reached XP level 3. HP: 15/24 MP: 3/3
   284 | D:2      | Found a burning altar of Makhleb.
   305 | D:2      | Reached skill level 5 in Slings
  1085 | D:1      | Reached XP level 4. HP: 29/29 MP: 4/4
  2205 | D:2      | Reached XP level 5. HP: 34/34 MP: 5/5
  2657 | D:3      | Reached skill level 1 in Spellcasting
  2699 | D:3      | Reached skill level 6 in Slings
  3047 | D:4      | Reached XP level 6. HP: 30/39 MP: 8/8
  3116 | D:4      | Slain by an adder

Action                   |  1- 3 |  4- 6 || total
-------------------------+-------+-------++-------
 Fire: Hunting sling     |    78 |   191 ||   269
Throw: Throwing net      |       |     2 ||     2
  Use: Potion            |     1 |     1 ||     2
  Eat: Chunk             |       |     6 ||     6
